 Dungeon Crawl Stone Soup version 0.29.1-12-g30fa7ad0bf (webtiles) character file.

Game seed: 4648636233992011773

6594 Coaxmetal the Thaumaturge (level 11, -4/68 HPs)
             Began as a Gargoyle Earth Elementalist on Dec 18, 2022.
             Was a Follower of Qazlal.
             Slain by a death yak (18 damage)
             ... on level 8 of the Dungeon.
             The game lasted 00:16:21 (9813 turns).

Coaxmetal the Thaumaturge (GrEE)                    Turns: 9813, Time: 00:16:22

Health: -4/68      AC: 17    Str:  7    XL:     11   Next: 2%
Magic:  3/23       EV: 13    Int: 24    God:    Qazlal [*.....]
Gold:   484        SH:  2    Dex: 10    Spells: 19/27 levels left

rFire   . . .      SeeInvis .   a - +11 spear of the Purple Skies {vorpal, +Blink Str-4 Int+3}
rCold   . . .      Faith    .   (no shield)
rNeg    + . .      Spirit   .   L - +0 steam dragon scales
rPois   ∞          Reflect  .   (no helmet)
rElec   +          Harm     .   c - +0 cloak
rCorr   .          Rampage  .   C - +1 pair of gloves
Will    .....                   H - +0 pair of boots
Stlth   ++........              p - amulet of regeneration
HPRegen 1.01/turn               (no ring)
MPRegen 0.18/turn               (no ring)

@: no status effects
A: sickness immunity, AC +8, negative energy resistance 1, electricity
resistance, torment resistance 1, petrification resistance
a: Renounce Religion, Evoke Blink


You were on level 8 of the Dungeon.
You worshipped Qazlal.
Qazlal was aware of your devotion.
You visited 2 branches of the dungeon, and saw 9 of its levels.

You collected 484 gold pieces.

Inventory:

Hand Weapons
 a - the +11 spear of the Purple Skies (weapon) {vorpal, +Blink Str-4 Int+3}
   (You found it on level 2 of the Dungeon)

   It inflicts extra damage upon your enemies.
   Str:       It affects your strength (-4).
   Int:       It affects your intelligence (+3).
   +Blink:    It lets you blink.
 J - the +2 war axe of the Heavens {elec, Str+5 Int+3}
   (You found it on level 7 of the Dungeon)

   It occasionally discharges a powerful burst of electricity upon striking a
   foe.
   Str:       It affects your strength (+5).
   Int:       It affects your intelligence (+3).
Missiles
 f - 20 poisoned darts
Armour
 c - a +0 cloak (worn)
 C - a +1 pair of gloves (worn)
 H - a +0 pair of boots (worn)
 L - +0 steam dragon scales (worn)
Magical Staves
 b - a staff of conjuration
 P - a staff of fire
Jewellery
 p - an amulet of regeneration (around neck)
 K - the amulet of Elemental Vulnerability {rPois rF-- rC-- AC+8}
   (You found it on level 7 of the Dungeon)

   [amulet of nothing]

   AC:        It affects your AC (+8).
   rF:        It makes you very vulnerable to fire.
   rC:        It makes you very vulnerable to cold.
   rPois:     It protects you from poison.
 O - a ring of see invisible
Wands
 o - a wand of flame (52)
 v - a wand of polymorph (2)
 I - a wand of acid (3)
 N - a wand of digging (5)
Scrolls
 e - 4 scrolls of blinking {unknown}
 i - a scroll of butterflies {unknown}
 j - 2 scrolls of teleportation {unknown}
 k - a scroll of summoning {unknown}
 n - a scroll of noise {unknown}
 r - 5 scrolls of identify {unknown}
 s - 3 scrolls of fear {unknown}
 u - a scroll of magic mapping {unknown}
 w - 3 scrolls of enchant armour {unknown}
 y - 4 scrolls of vulnerability {unknown}
 z - 2 scrolls of amnesia {unknown}
 M - 2 scrolls of immolation {unknown}
Potions
 d - 2 potions of invisibility {unknown}
 g - 4 potions of curing
 h - a potion of haste {unknown}
 l - 4 potions of heal wounds {unknown}
 m - 2 potions of attraction {unknown}
 q - a potion of might {unknown}
 t - a potion of berserk rage {unknown}
 x - 2 potions of lignification {unknown}
 A - a potion of resistance {unknown}
 B - a potion of cancellation {unknown}
 D - 2 potions of flight {unknown}
 E - 2 potions of magic
 F - a potion of brilliance {unknown}
 G - 2 potions of ambrosia {unknown}


   Skills:
 - Level 8.0 Fighting
 - Level 5.0 Dodging
 - Level 2.1 Stealth
 + Level 8.7 Spellcasting
 - Level 5.0 Conjurations
 - Level 0.7 Transmutations
 - Level 3.0 Fire Magic
 - Level 8.0 Earth Magic
 - Level 5.0 Evocations


You had 19 spell levels left.
You knew the following spells:

 Your Spells              Type           Power      Damage    Failure   Level
a - Sandblast             Erth           96%        2d20      1%          1
b - Stone Arrow           Conj/Erth      82%        3d12      1%          3
c - Foxfire               Conj/Fire      100%       2x1d9     1%          1
d - Conjure Flame         Conj/Fire      29%        6-21      3%          3

Your spell library contained the following spells:

 Spells                   Type           Power      Damage    Failure   Level
 Passwall                 Tmut/Erth      25%        N/A       1%          2
 Blink                    Tloc           20%        N/A       9%          2
 Inner Flame              Hex/Fire       17%        N/A       10%         3
 Petrify                  Tmut/Erth      31%        N/A       10%         4
 Flame Wave               Conj/Fire      29%        2d9       12%         4
 Gell's Gravitas          Tloc           10%        N/A       19%         3
 Lesser Beckoning         Tloc           10%        N/A       19%         3
 Ozocubu's Armour         Ice            10%        N/A       19%         3
 Teleport Other           Tloc           10%        N/A       19%         3
 Tukima's Dance           Hex            10%        N/A       19%         3
 Passage of Golubria      Tloc           10%        N/A       52%         4
 Yara's Violent Unravell  Hex/Tmut       6%         3d5       82%         5
 Manifold Assault         Tloc           10%        N/A       86%         5
 Metabolic Englaciation   Hex/Ice        5%         N/A       86%         5
 Dispersal                Tloc           5%         N/A       100%        6
 Simulacrum               Ice/Necr       5%         N/A       100%        6
 Disjunction              Tloc           5%         N/A       100%        8


Dungeon Overview and Level Annotations

Branches:
Dungeon (8/15)             Temple (1/1) D:7
   Lair: D:8-11

Altars:
Ashenzari
Cheibriados
Nemelex Xobeh
Qazlal
Ru
Sif Muna
Uskayaw
Wu Jian
Xom
Yredelemnul
Zin
The Shining One

Shops:
D:2 [


Innate Abilities, Weirdness & Mutations

You are immune to sickness and miasma.
Your stone body is resilient. (AC +8)
You are immune to poison.
You resist negative energy. (rN+)
You are resistant to electric shocks. (rElec)
You are resistant to unholy torment.
You are immune to petrification.


Message History

The death yak gores you!
You hit the death yak.
The death yak is moderately wounded.
The death yak is engulfed in blazing flames.
The death yak gores you!
You hit the death yak but do no damage.
The death yak is moderately wounded.
The death yak gores you.
Aiming: Corrosive Bolt
Press: ? - help, Shift-Dir - straight line, f - death yak
Aim: a death yak (moderately wounded, 91% to hit)
The bolt of acid misses the death yak.
The bolt of acid hits the quokka!!
The acid corrodes the quokka!
You kill the quokka!
Qazlal accepts your kill.
The bolt of acid misses the river rat.
The death yak gores you but does no damage.
That's the wrong kind of item! (Use * to select it.) Evoke which item? (* to show all) (? for menu, Esc to quit)
Okay, then.
Aiming: Corrosive Bolt
Press: ? - help, Shift-Dir - straight line, f/p - death yak
Aim: a death yak (moderately wounded, 91% to hit)
The bolt of acid hits the death yak.
The acid corrodes the death yak!
The death yak is moderately wounded.
The bolt of acid hits the river rat!!
The acid corrodes the river rat!
You kill the river rat!
Qazlal accepts your kill. The death yak gores you!!
* * * LOW HITPOINT WARNING * * *
Press: ? - help, v - describe, . - travel, g - get item
Here: a death yak (moderately wounded, covered in acid)
Items here: a death yak corpse; a death yak corpse.
The floor, spattered with blood.
Press: ? - help, v - describe, . - travel, g - get item
Here: a death yak (moderately wounded, covered in acid)
Items here: a death yak corpse; a death yak corpse.
The floor, spattered with blood.
The death yak attacks as you move away! The death yak gores you!!
You die...

######..## # ##..# #..# ...
#####..# #### .r. #
#..#########..# ....
###.#.........#.# ..Y..
.##.#.≈≈≈≈≈≈≈.#.# #.....
..><#≈..≈≈≈..≈#.## #......
....#≈.≈...≈.≈#.@###..>....
###.#≈.≈._.≈.≈#..Y††.......
###≈.≈...≈.≈#######.#....
#≈..≈≈≈..≈# # #
#.≈≈≈≈≈≈≈.######### ###
###.......(.#........ ##..
##.)#########.........
..... ##.).#
#......#######. #####
...### ##...###


You could see a death yak (corroded).

Vanquished Creatures
  2 death yaks (D:8)
  Pikel (D:7)
  Prince Ribbit (D:5)
  10 yaks
  Eustachio (D:6)
  2 steam dragons
  Edmund (D:4)
  Duvessa (D:6)
  A water moccasin (D:7)
  2 orc warriors
  2 sky beasts
  3 ogres
  A centaur (D:6)
  A kobold brigand (D:6)
  Blork the orc (D:4)
  A gnoll sergeant (D:6)
  4 scorpions
  2 necrophages
  9 wights
  Dowan (D:6)
  5 killer bees (D:8)
  A howler monkey (D:7)
  3 hounds
  2 orc priests (D:8)
  2 jellies (D:7)
  6 iguanas
  3 orc wizards
  7 gnolls
  7 adders
  A river rat (D:8)
  2 white imps
  2 dart slugs
  23 orcs
  6 bats
  6 endoplasms
  3 giant cockroaches
  9 goblins
  9 hobgoblins
  2 jackals (D:3)
  7 quokkas
  7 ball pythons
  3 frilled lizards
  8 kobolds
  6 rats
177 creatures vanquished.

Vanquished Creatures (others)
  3 demonic plants (D:3)
  70 foxfires
73 creatures vanquished.

Grand Total: 250 creatures vanquished

Notes
Turn   | Place    | Note
-------+----------+-------------------------------------------
     0 | D:1      | Coaxmetal the Gargoyle Earth Elementalist began the quest
                  | for the Orb.
     0 | D:1      | Reached XP level 1. HP: 10/10 MP: 3/3
   266 | D:1      | Reached XP level 2. HP: 16/16 MP: 0/5
   570 | D:1      | Reached skill level 1 in Fighting
   608 | D:1      | Found a faded altar of an unknown god.
   656 | D:1      | Reached XP level 3. HP: 20/20 MP: 2/6
  1364 | D:2      | Reached XP level 4. HP: 25/25 MP: 2/7
  1533 | D:2      | Identified the +11 spear of the Purple Skies {vorpal,
                  | +Blink Str-4 Int+3}
  1888 | D:2      | Found Ykehim's Armour Shoppe.
  2163 | D:2      | Learned a level 3 spell: Stone Arrow
  3380 | D:4      | Reached XP level 5. HP: 30/30 MP: 6/9
  3387 | D:4      | Reached skill level 1 in Conjurations
  3496 | D:4      | You fall into a shaft and drop 2 floors!
  3504 | D:5      | Entered Level 5 of the Dungeon
  3511 | D:5      | Reached skill level 1 in Evocations
  3527 | D:5      | Noticed Prince Ribbit
  3536 | D:5      | Killed Prince Ribbit
  3537 | D:5      | Reached skill level 5 in Earth Magic
  3537 | D:5      | Reached XP level 6. HP: 20/36 MP: 3/11
  3639 | D:5      | Noticed a yak
  3639 | D:5      | Noticed a yak
  3682 | D:6      | Reached XP level 7. HP: 41/41 MP: 8/12
  3767 | D:6      | Noticed Eustachio
  3789 | D:6      | Killed Eustachio
  3966 | D:6      | Reached XP level 8. HP: 48/48 MP: 9/13
  3977 | D:6      | Noticed Duvessa
  4027 | D:6      | Killed Duvessa
  4111 | D:6      | Noticed Dowan
  4116 | D:6      | Killed Dowan
  5380 | D:5      | Noticed a yak
  5383 | D:5      | Noticed a yak
  5383 | D:5      | Noticed a yak
  5387 | D:5      | Killed a yak
  5388 | D:5      | Reached XP level 9. HP: 53/53 MP: 5/16
  5402 | D:5      | Reached skill level 5 in Fighting
  5407 | D:5      | Reached skill level 5 in Spellcasting
  5417 | D:5      | Reached skill level 5 in Conjurations
  5591 | D:5      | Learned a level 1 spell: Foxfire
  5736 | D:5      | Found a basalt altar of Yredelemnul.
  5742 | D:5      | Found a glowing golden altar of the Shining One.
  5744 | D:5      | Noticed an angel
  5788 | D:5      | Learned a level 3 spell: Conjure Flame
  6247 | D:7      | Reached skill level 1 in Fire Magic
  6251 | D:7      | Identified the +2 war axe of the Heavens {elec, Str+5
                  | Int+3}
  6474 | D:7      | Found the amulet of Elemental Vulnerability {rPois rF--
                  | rC-- AC+8}
  6474 | D:7      | Noticed Pikel
  6478 | D:7      | Killed Pikel
  6479 | D:7      | Reached skill level 5 in Dodging
  6479 | D:7      | Reached XP level 10. HP: 59/59 MP: 11/18
  6853 | D:7      | Reached skill level 5 in Evocations
  6874 | D:7      | HP: 3/60 [something/ball of steam (22)]
  7267 | D:7      | Found a staircase to the Ecumenical Temple.
  7343 | Temple   | Entered the Ecumenical Temple
  7694 | D:4      | Noticed Edmund
  7709 | D:4      | Killed Edmund
  7992 | D:4      | Noticed Blork the orc
  7996 | D:4      | Killed Blork the orc
  8428 | D:1      | Prayed at the altar of an unknown god.
  8428 | D:1      | Became a worshipper of Qazlal Stormbringer
  8428 | D:1      | Reached * piety under Qazlal
  9141 | D:8      | Found a broken altar of Ashenzari.
  9793 | D:8      | Noticed a death yak
  9794 | D:8      | Noticed a death yak
  9795 | D:8      | Noticed a death yak
  9802 | D:8      | Killed a death yak
  9806 | D:8      | Killed a death yak
  9807 | D:8      | Reached XP level 11. HP: 50/68 MP: 2/23
  9813 | D:8      | Slain by a death yak

Illustrated notes

Levels and vault maps discovered:
D:1:      mrwooster_arrival_arrow, layout_loops_cross, basic_ecumenical_altar
D:2:      cheibrodos_helix_gallery, layout_loops_corners, serial_shops, shop
D:3:      kennysheep_big_flooded_room, layout_rooms, dk_noncrumbling_4,
          kennysheep_cross_room, dreamdust_princess_corridor,
          hangedman_decor_growths, minmay_randomly_rotated_circles
D:4:      layout_loops_ring, nicolae_elevator_lobby_asterisk,
          uniq_blork_the_orc, uniq_edmund
D:5:      layout_basic, grunt_temple_overflow_holy_war, uniq_prince_ribbit1
D:6:      kb_forest_paths, layout_basic, uniq_eustachio, uniq_duvessa
D:7:      layout_loops_corners, minmay_temple_entry_gardened_gates, uniq_pikel
D:8:      layout_layer_cave, mainiacjoe_overflow_paths, dpeg_lair_monsters,
          kennysheep_just_a_vault
Temple:   nicolae_temple_ecumenical_triangle

Skill      XL: |  1  2  3  4  5  6  7  8  9 10 |
---------------+-------------------------------+-----
Fighting       | 1 2 3 4 5 8 |  8.0
Earth Magic    | 4 5 6 8 |  8.0
Dodging        | 2 3 4 5 |  5.0
Conjurations   | 2 3 4 5 |  5.0
Spellcasting   | 3 4 5 8 |  8.7
Evocations     | 1 2 3 4 5 |  5.0
Fire Magic     | 1 3 |  3.0
Stealth        | |  2.1
Transmutations | |  0.7

Action                   |  1- 3 |  4- 6 |  7- 9 | 10-12 || total
-------------------------+-------+-------+-------+-------++-------
Melee: Spear             |       |    27 |    43 |    48 ||   118
       Staff             |       |       |       |     1 ||     1
 Cast: Sandblast         |    43 |    46 |    32 |    30 ||   151
       Stone Arrow       |       |     1 |    42 |    29 ||    72
       Foxfire           |       |       |    17 |    29 ||    46
       Conjure Flame     |       |       |       |     4 ||     4
Evoke: Wand              |       |       |       |     2 ||     2
  Use: Potion            |       |       |       |     1 ||     1
 Stab: Sleeping          |       |     1 |       |       ||     1
Armor: Robe              |     1 |    13 |    26 |     3 ||    43
       Steam dragon scal |       |       |       |    40 ||    40
Dodge: Dodged            |     6 |    29 |    56 |    39 ||   130
Block: Other             |       |       |       |     4 ||     4
